[Event "Saint Louis Norm Congress-IM 2022"]
[Site "Saint Louis"]
[Date "2022.05.20"]
[Round "2.4"]
[White "Antova, Gabriela"]
[Black "Yu, Jennifer"]
[Result "0-1"]
[ECO "E14"]
[WhiteElo "2293"]
[BlackElo "2257"]
[Annotator "TA"]
[PlyCount "74"]
[EventDate "2022.05.20"]
[EventType "tourn"]
[EventCountry "USA"]
[SourceTitle "playchess.com"]
[Source "ChessBase"]
[SourceQuality "1"]
[TimeControl "5400+30"]

1. Nf3 d5 2. e3 Nf6 3. c4 e6 4. b3 b6 5. Bb2 Bb7 6. Nc3 Nbd7 7. d4 Bd6 8. Bd3 O-O 9. O-O a6 10. a4 {[%emt 0:11:18] E14: Queen's Indian: Classical Variation (4 e3).} c5 11. cxd5 exd5 12. Qe2 {[%emt 0:03:35] The position is equal.} Re8 13. Rfd1 {[%emt 0:03:17] [#]} Nf8 $146 ({Predecessor:} 13... Qe7 14. Rac1 Ne4 15. Bb1 Rad8 16. h3 Ndf6 17. a5 bxa5 18. Na4 cxd4 19. Bxd4 Ba3 {1-0 (43) Anton Guijarro,D (2650)-Zhigalko,S (2671) Tallinn 2016}) 14. Qf1 Ne6 15. Ne2 Ne4 16. Rac1 N6g5 17. Bxe4 (17. Nxg5 {is interesting.} Nxg5 18. Nf4 cxd4 19. Bxd4 Bxf4 20. exf4 Ne6 21. Be3) 17... Nxe4 18. Nc3 (18. Ng3 $11) 18... Nxc3 (18... Ng5 {looks sharper.} 19. Nxg5 Qxg5 20. a5 cxd4 21. Rxd4 bxa5 22. Na4 Rac8) 19. Rxc3 c4 20. bxc4 dxc4 21. Rxc4 b5 22. axb5 axb5 23. Rc2 Bxf3 24. gxf3 Qh4 25. h3 Re6 26. f4 Rg6+ {[%emt 0:00:57][%mdl 1024] Black has compensation.} 27. Kh1 $1 ({Wrong is} 27. Kh2 $2 Bxf4+ $1 28. Kh1 (28. exf4 $2 Qxf4+ 29. Kh1 Qe4+ 30. Kh2 Qxc2 $19) 28... Qh5 $1 $19) 27... Qh5 $40 {[%emt 0:00:19][%mdl 128] Black has some attack.} (27... h6 $1 $15) 28. Rdc1 $2 (28. Kh2 $11 {and White stays safe.}) 28... Qf3+ $19 29. Kh2 Rf8 {[%emt 0:00:36] 0x0.000842168c5ddp-1022s more active pieces.} (29... h5 $17 {White must now prevent ...b4.} 30. d5 b4) 30. Rc8 $11 b4 31. Rxf8+ Kxf8 32. Rc8+ Ke7 33. Bc1 Rg3 {[%emt 0:01:27] Hoping for ...g5. Really sharp!} 34. Rc2 $2 {[%emt 0:00:54][%mdl 8192] [#]} (34. Bb2 $11) 34... g5 $1 $19 {[%emt 0:00:26] ...g4 is the strong threat.} 35. e4 g4 36. hxg4 Rxg4 37. Qh3 Bxf4+ {[%emt 0:00:03] Weighted Error Value: White=0.90/Black=0.13 (very precise)} 0-1

[Event "Saint Louis Norm Congress-IM 2022"]
[Site "Saint Louis"]
[Date "2022.05.20"]
[Round "2.5"]
[White "Tokhirjonova, Gulrukhbegim"]
[Black "Lee, Alice"]
[Result "1-0"]
[ECO "B57"]
[WhiteElo "2337"]
[BlackElo "2344"]
[Annotator "TA"]
[PlyCount "125"]
[EventDate "2022.05.20"]
[EventType "tourn"]
[EventCountry "USA"]
[SourceTitle "playchess.com"]
[Source "ChessBase"]
[SourceQuality "1"]
[TimeControl "5400+30"]

1. e4 {[%emt 0:04:10] Edouard,Romain} c5 2. Nc3 Nc6 3. Nf3 d6 4. Bc4 Nf6 5. d4 cxd4 6. Nxd4 Qb6 7. Nb3 e6 8. Bf4 Ne5 9. Be2 Bd7 10. Qd2 {[%emt 0:04:02] B57: Classical Sicilian: Sozin with 6...Qb6.} Be7 {[%emt 0:01:04] The main line 10...Be7 scores better than 10...a6.} 11. f3 O-O 12. g4 {[%emt 0:04:27] The position is equal.} Rfd8 13. O-O-O Qc7 {[%emt 0:02:07] [#]} 14. h4 $146 ({Predecessor:} 14. g5 Nh5 15. Be3 Nc4 16. Bxc4 Qxc4 17. Ne2 a5 18. Kb1 a4 19. Nbc1 Be8 20. Ng3 {1-0 (52) Nakamura,H (2733)-Edouard,R (2636) Cap d'Agde 2010 EXT 2011 [Edouard,Romain]}) 14... a6 15. h5 Be8 (15... b5 $11) 16. Nd4 {[%emt 0:08:35] Strongly threatening g5.} Nfd7 {[%emt 0:07:20] [#]} (16... Rdc8 $14) 17. Nf5 $1 $16 Nf8 (17... exf5 $2 18. Nd5 Qc5 19. Nxe7+ Kh8 20. Nxf5 $18) (17... Nc5 $16) (17... Bf8 18. h6) 18. Nxe7+ Qxe7 19. h6 g6 20. g5 Qc7 21. Qd4 b5 22. Be3 f5 23. gxf6 Nf7 (23... Nc6 $16 24. Qd2 Bf7) 24. f4 Rab8 25. Bf3 b4 26. Ne2 (26. Nd5 exd5 27. exd5 Ba4 $17) 26... Rdc8 27. Qd2 b3 28. axb3 Rxb3 29. Nc3 (29. Kb1 $1 $16 Rbb8 30. Bd4) 29... Rbb8 30. Bd4 {[%emt 0:04:10] aiming for Bg4.} (30. e5 Qa5 31. Nb1 Qa2 $11) 30... Qa5 (30... Qb7 $1 $14 31. b3 a5) 31. Nb1 Qa2 32. Qd3 $2 (32. f5 $1 $16 {keeps the pressure on.}) 32... Ba4 ({Black should try} 32... Rb3 $1 $17 33. Bc3 Bb5) 33. Rh2 e5 34. fxe5 dxe5 (34... Nxe5 $2 35. Bxe5 dxe5 36. Qd5+ Qxd5 37. exd5 $16 (37. Rxd5 Rc6 $16)) 35. Bc3 Bb5 36. Qe3 {[%emt 0:03:00] Bg4 is the strong threat.} ({Much worse is} 36. Qd5 Bc4 37. Qa5 Rxb2 38. Qxa2 Rxa2 $15) 36... Bc4 $1 37. Bg4 Rc7 ({Better is} 37... Be6 $11 38. Bxe6 Qxe6) 38. Na3 (38. Qg3 $1 $14) 38... Bb5 (38... Qa1+ $11 {keeps the balance.} 39. Kd2 Rd8+ 40. Ke1 Rxd1+ 41. Bxd1 Be6) 39. Nxb5 {[%emt 0:00:41] Really sharp! White leaves nothing to chance now.} axb5 {[%emt 0:00:50] [#]} 40. b3 $1 $36 {[%emt 0:00:14][%mdl 2048] Keeping Black busy.} Qa6 41. Rd5 {[%emt 0:00:48] 0x0.002518e79495dp-1022s more active pieces.} Re8 (41... Qxf6 $16 42. Bh3 g5) 42. Rf2 $18 Qa3+ (42... Ne6 $142 43. Kb1 (43. Bxe5 $2 Nxe5 44. Bxe6+ Qxe6 $19) 43... Ra8) 43. Bb2 Qa5 44. Rfd2 Qa6 (44... Rb7 {is a better defense.} 45. Qc5 Qb6 46. Qxb6 Rxb6) 45. Be2 Qxf6 46. Bxb5 Rb8 {[%emt 0:00:32][%cal Ob8b5] And now ...Rxb5! would win.} 47. Bc4 {[%emt 0:01:33] This bishop pair is nice.} Ne6 {[%emt 0:01:31] Against Rc5} 48. Rf2 Nf4 (48... Qg5 $142 49. Qxg5 Nexg5 50. Bxe5 Rxc4) 49. Rxe5 Rxc4 50. Rxf4 Qd6 51. Rd5 Qb4 52. bxc4 (52. Rd7 $142 Rf8 53. bxc4 Rb8 54. Ba3 Qb1+ 55. Kd2 Qa1 56. Rfxf7 Qe5 57. Qf4) 52... Qxb2+ 53. Kd2 Qb7 54. Qd4 Qb4+ 55. Ke2 Qf8 {[%emt 0:00:11] Against Qg7+} 56. Rd7 Qxh6 57. Rdxf7 Re8 {[%emt 0:00:24] [#]} 58. Qd5 (58. Rh4 $142 $3 Kxf7 59. Rxh6 Kg8 60. Qd7 Rxe4+ 61. Kf3 Rxc4 62. Rxh7 Rc3+ 63. Ke4 Rc4+ 64. Kd5 Rd4+ 65. Kxd4 g5 66. Qg7#) 58... Kh8 59. Rf2 g5 60. Qd4+ Kg8 61. Qf6 (61. Qd7 $142 Rb8 62. Qd5 Qh5+ 63. Kd2 Qxf7 64. Qxf7+ Kh8 65. Qf6+ Kg8 66. Qxg5+ Kh8 67. Qf6+ Kg8 68. Rg2#) 61... Rxe4+ 62. Kd3 {[%emt 0:00:09] Threatening mate with Rf8+.} Qxf6 63. R2xf6 {[%emt 0:00:10] Weighted Error Value: White=0.18 (very precise) /Black=0.54} 1-0

[Event "Saint Louis Norm Congress-IM 2022"]
[Site "Saint Louis"]
[Date "2022.05.20"]
[Round "3.1"]
[White "Lee, Alice"]
[Black "Posthuma, Joshua"]
[Result "1/2-1/2"]
[ECO "A50"]
[WhiteElo "2344"]
[BlackElo "2405"]
[Annotator "TA"]
[PlyCount "182"]
[EventDate "2022.05.20"]
[EventType "tourn"]
[EventCountry "USA"]
[SourceTitle "playchess.com"]
[Source "ChessBase"]
[SourceQuality "1"]
[TimeControl "5400+30"]

1. d4 Nf6 2. c4 b6 3. Nc3 Bb7 4. d5 e6 5. a3 Bd6 6. Nf3 O-O 7. g3 {[%emt 0:00:14] A50: Queen's Fianchetto Defence (1 d4 Nf6 2 c4 b6).} c6 8. Bg2 Na6 9. O-O {[%emt 0:03:15] White is slightly better.} cxd5 10. cxd5 Nxd5 11. Nxd5 exd5 (11... Bxd5 $2 12. e4 $18) 12. b4 Nc7 13. Bb2 Re8 {[%emt 0:04:05] [#]} 14. Re1 $146 ({Predecessor:} 14. e3 a5 15. Qd2 axb4 16. axb4 Qe7 17. Rxa8 Rxa8 18. Qd4 Ne6 19. Qxb6 Rb8 20. Nd4 Qf8 21. Rd1 Bc6 22. Qa6 Nxd4 23. Bxd4 {½-½ (23) Blake,M (2033)-Galvin,J (2005) ICCF email 2012}) 14... a5 15. Qd2 axb4 16. axb4 Qe7 17. Qd4 Ne6 18. Qxb6 Bxb4 (18... Rab8 $15) 19. Reb1 (19. Qxb7 $14 Rab8 20. Qxd5 $1 Bxe1 21. Be5) 19... Bc6 $11 20. Ne5 Qc5 21. Qxc5 Bxc5 22. Rd1 Rxa1 23. Bxa1 Ra8 24. Bc3 d4 25. Ba1 Bxg2 26. Kxg2 d6 27. Nf3 Ra4 28. Kf1 Kf8 29. Bb2 Ke7 30. Rd3 Rb4 31. Rd2 Rc4 32. Rd3 g5 33. h3 h5 34. Rd1 g4 35. hxg4 hxg4 36. Ne1 Bb4 37. Nd3 Bc3 38. Bc1 Ra4 39. Bf4 Nc5 40. Bg5+ Ke6 41. Bf4 (41. Nf4+ $142 Ke5 42. Rb1) 41... Kd5 $17 42. Rb1 Kc4 43. Nc1 d5 44. Bd6 (44. Rb8 $17) 44... Ne4 $1 $19 {[%emt 0:01:45] ...Nd2+ is the strong threat.} 45. Bf4 {[%emt 0:00:03] [#]} Bd2 $2 (45... Rb4 $1 $19 46. Rxb4+ Bxb4) 46. Nd3 $11 Ra7 {[%emt 0:02:56] aiming for ...Bxf4.} 47. Rb8 Bxf4 48. Nxf4 $15 {[%emt 0:00:11][%mdl 4096] Endgame KRN-KRN} Nc3 49. Rb2 Ra1+ 50. Kg2 Ra2 51. Rxa2 ({White should play} 51. Rb7 $1 $15) 51... Nxa2 {[%emt 0:00:01] KN-KN} 52. Nd3 Kc3 53. Kf1 Nb4 $2 (53... Kd2 54. Nc5 Nc1) 54. Nf4 $2 (54. Ne5 f5 55. Nf7) 54... Kd2 $19 55. Ng2 d3 56. exd3 d4 57. Nf4 f5 58. Ng2 Kxd3 (58... Nxd3 $142 59. Nh4 Ne5 60. Ng2 Nc4 61. Nf4 d3 62. f3 Kc2 63. Nxd3 Kxd3 64. fxg4 fxg4 65. Kf2 Nd2 66. Kg1 Ke2 67. Kg2 Nf1 68. Kg1 Nxg3 69. Kg2 Ne4 70. Kg1 Kf3 71. Kf1 g3 72. Ke1 g2 73. Kd1 g1=Q+ 74. Kc2 Qb6 75. Kd3 Qc7 76. Kd4 Qc5+ 77. Kd3 Qc3#) 59. Nh4 Ke4 60. Ke2 d3+ 61. Kd2 Nc6 62. Ng2 Ne5 63. Ne3 {[%emt 0:00:37] Inhibits Nc4+.} Nf3+ 64. Kc3 Ng1 $2 ({Better is} 64... Nd4 $19 {Hoping for ...Nb5+.} 65. Nc4 Nb5+ 66. Kd2 Kf3) 65. Kd2 $15 Nh3 66. Ke1 Ke5 $1 67. Nc4+ $1 Kd5 68. Nd2 $2 (68. Ne3+ $17 Ke4 69. Nc4) 68... Kd4 $19 69. Nf1 Ng5 70. Ne3 Ke4 $2 ({Black should try} 70... Nf3+ $19 71. Kd1 Ke4) 71. Kd2 $11 Nf3+ $2 (71... Kf3 $11 72. Nxf5 Ne4+ 73. Kxd3 Nxf2+ 74. Kd4 Ne4) 72. Kc3 $19 Nd4 {[%emt 0:00:25] Strongly threatening ...Nb5+.} 73. Nd1 {[%emt 0:00:50] [#]} Ne6 $1 {[%emt 0:00:57] White must now prevent ...Nc5.} 74. Ne3 Ng7 $2 (74... Nc5 $19 {And now ...Kf3 would win.} 75. Kc4 Na4) 75. Nd1 $11 {[%emt 0:00:28] The position is equal.} Nh5 76. Nb2 Kf3 (76... f4 $5 77. Kd2 fxg3 78. fxg3 Nf6 $11) 77. Nxd3 Nf6 {[%emt 0:00:19] Threatens to win with ...Ne4+.} 78. Kd2 Ne4+ 79. Ke1 Kg2 80. Nf4+ Kg1 81. Ne2+ Kg2 82. Nf4+ Kf3 83. Nd3 Nxf2 84. Nxf2 Kxg3 {[%emt 0:00:03] KN-KPP} 85. Kf1 f4 86. Nxg4 $1 Kxg4 {[%emt 0:00:03] KP-K} (86... f3 {looks sharper.} 87. Ne5 f2 88. Nc4 Kh2) 87. Kg2 f3+ 88. Kf2 Kf4 89. Kf1 Ke3 {[%emt 0:00:03] ( -> ...f2)} (89... Kg3 $5 90. Kg1 Kh4 $11) 90. Ke1 f2+ 91. Kf1 Kf3 {[%emt 0:00:02] Weighted Error Value: White=0.73/Black=0.32} 1/2-1/2

[Event "Saint Louis Norm Congress-IM 2022"]
[Site "Saint Louis"]
[Date "2022.05.20"]
[Round "3.2"]
[White "Yu, Jennifer"]
[Black "Tokhirjonova, Gulrukhbegim"]
[Result "1-0"]
[ECO "A20"]
[WhiteElo "2257"]
[BlackElo "2337"]
[Annotator "TA"]
[PlyCount "137"]
[EventDate "2022.05.20"]
[EventType "tourn"]
[EventCountry "USA"]
[SourceTitle "playchess.com"]
[Source "ChessBase"]
[SourceQuality "1"]
[TimeControl "5400+30"]

1. c4 e5 2. g3 Nf6 3. Bg2 d5 4. cxd5 Nxd5 5. Nf3 Nc6 6. O-O Bc5 {[%emt 0:02:50] [#] Prevents d4. A20: English Opening: 1...e5.} (6... Nb6 $11) 7. e3 (7. Nxe5 $1 $14 Nxe5 8. d4) 7... Bb6 8. Nc3 {[%emt 0:10:10] [#]} Nf6 $146 {[%emt 0:03:17] The position is equal.} ({Predecessor:} 8... Nxc3 9. bxc3 O-O 10. d4 Re8 11. Nxe5 Nxe5 12. dxe5 c6 13. Qxd8 Bxd8 14. f4 Ba5 {½-½ (37) Owens,J (1300)-Gauna,J (2181) ICCF email 2013}) 9. d4 exd4 10. exd4 O-O 11. d5 Nb4 12. Ne5 Re8 13. Nc4 Bg4 14. Qb3 Nd3 15. Nxb6 axb6 16. Bg5 h6 17. Bxf6 Qxf6 ({Resist} 17... gxf6 18. Qc2 Ne5 19. b3 $14) 18. Nb5 ({Much worse is} 18. Qc4 Ne5 19. Qb3 (19. Qxc7 $2 Re7 $19) 19... Nf3+ 20. Bxf3 Qxf3 $15) 18... Nc5 (18... Nxb2 $2 19. Nxc7 Red8 20. Nxa8 Rxa8 21. d6 $18) 19. Qc3 Qxc3 20. Nxc3 Bd7 21. Rfd1 Kf8 22. Rac1 Rec8 23. Rd2 c6 24. b4 Na6 25. dxc6 Bxc6 26. Bh3 Rc7 (26... Rd8 $2 27. Rxd8+ Rxd8 28. b5 $18) 27. Rb1 {[%emt 0:00:03] aiming for b5. White is more active.} Be8 (27... Bf3 $14 28. Rd3 Bc6) 28. Nd5 $18 Rd8 29. Rbd1 (29. b5 $1 $18 {is the precise move to win.}) 29... Rc4 $16 {[%emt 0:02:18] [#]} 30. Bf1 $1 Re4 31. f3 Re5 32. b5 $36 {[%emt 0:00:52][%mdl 2048] Inhibits Bc6. White is on the roll.} Nc5 33. Nxb6 Rxd2 34. Rxd2 Re1 {[%emt 0:00:12] Threatens to win with ...Bxb5.} 35. Kf2 Rb1 36. a4 Ra1 37. Rd8 Nxa4 (37... Ra2+ $16 {might work better.} 38. Be2 Ke7) 38. Nd5 $18 Rc1 {[%emt 0:01:21] [#]} 39. b6 $1 Rc2+ 40. Ke3 {[%emt 0:00:54] Bb5 is the strong threat.} Nxb6 41. Nxb6 Ke7 42. Rd4 Bc6 (42... Rxh2 $142 43. Nc8+ Kf8) 43. Nd5+ (43. Nc8+ $142 Ke8 44. Nd6+ Kf8 45. Nf5) 43... Ke8 44. Be2 Rb2 45. Nb4 Bd7 46. Nd3 Rb1 47. Ne5 Be6 48. f4 f6 $2 (48... Rb3+ 49. Rd3 Rb2) 49. Bh5+ {[%emt 0:00:42] White is clearly winning.} Ke7 50. Ng6+ Kf7 51. Rd8 Bh3 52. g4 {[%emt 0:00:49] And now f5 would win.} f5 53. Rf8+ Ke6 54. Rxf5 Rb3+ 55. Kd4 Rb2 56. Re5+ Kd6 57. Rd5+ Kc7 58. Kc3 Rxh2 59. Ne5 Rf2 60. Rd7+ Kc8 61. Rf7 Bg2 62. f5 Re2 63. Nc4 Bc6 64. Rxg7 b5 65. Nd6+ Kd8 66. f6 {[%emt 0:00:34] Hoping for f7.} Bd5 67. Kd4 Bb3 68. f7 Rf2 69. Rg8+ {[%emt 0:00:10] Weighted Error Value: White=0.19 (very precise) /Black=0.35} 1-0

[Event "Saint Louis Norm Congress-IM 2022"]
[Site "Saint Louis"]
[Date "2022.05.20"]
[Round "3.3"]
[White "Marek, Matyas"]
[Black "Antova, Gabriela"]
[Result "1-0"]
[ECO "A07"]
[WhiteElo "2363"]
[BlackElo "2293"]
[Annotator "TA"]
[PlyCount "162"]
[EventDate "2022.05.20"]
[EventType "tourn"]
[EventCountry "USA"]
[SourceTitle "playchess.com"]
[Source "ChessBase"]
[SourceQuality "1"]
[TimeControl "5400+30"]

1. Nf3 d5 2. g3 Bg4 3. Bg2 Nd7 4. O-O e5 5. d3 Ngf6 6. h3 Bh5 7. Qe1 c6 8. e4 dxe4 9. dxe4 Bc5 10. Nbd2 O-O 11. Nc4 Qc7 {[%emt 0:01:48] A07: Réti Opening: New York and Capablanca Systems.} 12. a4 b5 13. Na5 Bb6 {[%emt 0:00:54] The position is equal.} 14. Nb3 a6 {[%emt 0:00:20] [#]} 15. a5 $146 ({Predecessor:} 15. Bg5 c5 16. c4 bxc4 17. Nbd2 Ba5 18. Qc1 c3 19. bxc3 c4 20. Qc2 Rac8 21. Rfd1 {1-0 (72) Ju,W (2544)-Batchimeg,T (2298) Geneve 2013}) 15... Ba7 16. Bg5 Rab8 17. Nbd2 h6 18. Be3 Bxf3 19. Bxf3 Rfd8 20. Qe2 Nf8 21. Rfd1 Ne6 22. c3 Bxe3 23. Qxe3 c5 24. Be2 Rd7 25. Nf3 Rbd8 (25... c4 $17) 26. Rxd7 Nxd7 27. b4 Nb8 28. Rc1 Rc8 {[%emt 0:07:55] aiming for ...cxb4.} 29. Rd1 Nc6 30. bxc5 Nxa5 {[%emt 0:01:04] Pair of Knights!} 31. Rd5 Nc6 32. Rd6 Qa7 33. Rd5 Nc7 34. Rd7 Qb8 (34... Nb8 $5 35. Re7 (35. Nxe5 $2 Nxd7 36. Nxd7 Ne6 $19) 35... Nc6 $11) 35. Qd2 Ne8 $2 (35... Ne6 $11 {and Black stays safe.} 36. Qa2 Ncd8) 36. Qd5 $18 Nd8 37. Qxe5 (37. Nxe5 $18 Nf6 38. Rxd8+ $1 Rxd8 39. Qxf7+ Kh7 40. Qg6+ (40. f4 Rd2 $14) 40... Kg8 41. Nc6 (41. f4 Qa7 $11)) 37... Qxe5 $11 38. Nxe5 Nf6 39. Ra7 Nxe4 40. c6 (40. Bg4 $1 $14 Rxc5 41. Nd7) 40... Nc5 $2 (40... Nxc3 41. Bg4 Nxc6 42. Rxa6 $1 $16) (40... Nxc6 $15 {keeps the upper hand.} 41. Nxc6 Rxc6) 41. Bg4 {[%emt 0:00:29] White is much more active.} (41. Bf3 $16) 41... Nde6 $2 (41... Nxc6 $11 {and Black has nothing to worry.} 42. Rxa6 Re8 43. Rxc6 Rxe5) 42. Rxf7 (42. f4 $1 $18 {and the rest is easy.}) 42... Rxc6 (42... Rc7 $16 43. Rf3 a5) 43. Re7 $1 $18 Rd6 44. Bf5 $2 (44. Re8+ $18 Nf8 45. Rc8) 44... Nf8 ({Black should try} 44... Kf8 $14 45. Rf7+ Ke8) 45. Re8 $16 Nce6 46. g4 $2 (46. Ra8 $1 $18) 46... g5 47. Re7 Ng7 (47... Nf4 $11 {keeps the balance.}) 48. Bc2 $1 Nfe6 (48... a5 $16 {is a better defense.}) 49. Bb3 $18 Kf8 {[%emt 0:00:22] [#]} 50. Ng6+ Kg8 51. f4 gxf4 52. Nxf4 Kf8 53. Ng6+ ({Much less strong is} 53. Rxe6 $6 Nxe6 54. Nxe6+ (54. Bxe6 Rc6 $11) 54... Ke7 $11) (53. Nxe6+ $2 Kxe7 54. Nxg7 Rd3 55. Nf5+ Kf6 $19) 53... Kg8 54. h4 (54. Rb7 $18) 54... Kh7 {[%emt 0:00:45] [#]} (54... a5 $16) 55. h5 $1 Nc5 56. Bf7 a5 $2 (56... Nxh5 57. gxh5 Kg7) 57. Rc7 Ne4 58. Nf8+ Kh8 59. Ng6+ Kh7 60. Ne7 $2 (60. Ne5 $18 {Strongly threatening Bg6+.} Rd1+ 61. Kg2 Rd2+ 62. Kf1) 60... Nxh5 $2 61. gxh5 Rd1+ 62. Kg2 Kg7 63. Bg6 Ng5 (63... Nd6 $142 64. Nc6+ Kf6 65. Nxa5 Kg5) 64. Nd5+ Kf8 65. Nf6 b4 (65... Rd2+ $142 66. Kg3 Rd1 67. Rc8+ Kg7 68. Ne8+ Kf8 69. Nd6+ Ke7 70. Nxb5 Ra1) 66. cxb4 axb4 67. Rc8+ Ke7 68. Ng8+ Kd7 69. Bf5+ Ne6 70. Rb8 Kc7 {[%emt 0:00:53] Hoping for ...Nf4+.} 71. Rxb4 ({Inferior is} 71. Bxe6 Kxb8 72. Bf7 (72. Nxh6 $2 Rd6 $19) 72... Rd6 $11) 71... Rd4 (71... Ng7 $18 72. Bg4 Rd5) 72. Rxd4 {[%emt 0:00:31] White mates.} Nxd4 73. Nxh6 Kd8 74. Kg3 Ke7 75. Bd3 Ne6 76. Ng4 Kf8 77. h6 Ng5 78. Bc4 Ne4+ 79. Kf4 Nd6 80. Ba2 Nc8 81. Kg5 Ne7 {[%emt 0:00:32] Weighted Error Value: White=0.64/Black=0.54} 1-0

[Event "Saint Louis Norm Congress-IM 2022"]
[Site "Saint Louis"]
[Date "2022.05.20"]
[Round "3.4"]
[White "Grabinsky, Aaron"]
[Black "Ezra Paul Chambers"]
[Result "1-0"]
[ECO "B11"]
[WhiteElo "2401"]
[BlackElo "2232"]
[Annotator "TA"]
[PlyCount "83"]
[EventDate "2022.05.20"]
[EventType "tourn"]
[EventCountry "USA"]
[SourceTitle "playchess.com"]
[Source "ChessBase"]
[SourceQuality "1"]
[TimeControl "5400+30"]

1. e4 c6 2. Nc3 d5 3. Nf3 dxe4 4. Nxe4 Nf6 5. Qe2 Nxe4 6. Qxe4 Nd7 {[%emt 0:00:08] B11: Caro-Kann: Two Knights Variation.} 7. Bc4 {[%emt 0:00:21] Black must now prevent Ng5.} Nf6 {[%emt 0:00:17] [#]} 8. Ne5 $1 e6 {[%emt 0:00:13] White has an edge.} 9. Qe2 b5 10. Bb3 ({Of course not} 10. Nxc6 Qc7 11. Bd3 (11. Bxb5 a6 $17) 11... a6 $15) 10... Qc7 11. d4 Bd6 12. Bg5 O-O 13. O-O (13. Bxf6 $5 gxf6 14. Nd3 $11) 13... Nd5 {[%emt 0:08:04] ...f6 is the strong threat.} 14. Nf3 Bb7 {[%emt 0:07:38] [#]} 15. c3 $146 ({Predecessor:} 15. c4 bxc4 16. Bxc4 c5 17. Rac1 h6 18. dxc5 Qxc5 19. Bd3 Qb6 20. Bd2 Rac8 21. b3 {1-0 (40) Svidler,P (2714)-Keymer,V (2591) chess24.com INT 2021}) 15... h6 16. Be3 a5 17. Rfd1 c5 (17... Nxe3 $15 18. fxe3 c5) 18. dxc5 $11 Bxc5 19. Bxc5 Qxc5 20. Qe5 {[%emt 0:07:05] Prevents Nf4.} Rfd8 21. a4 Kf8 (21... bxa4 $11 {remains equal.} 22. Rxa4 Qb6) 22. axb5 ({Better is} 22. Ba2 $16) 22... Qxb5 23. Nd4 Qe8 (23... Qb6 $11 {keeps the balance.}) 24. c4 $16 {[%emt 0:02:46] aiming for Ba4. White is much more active.} Nb4 25. Rxa5 {[%emt 0:06:24] Threatens to win with Qc5+.} Kg8 26. Rxa8 Bxa8 27. h3 $40 {[%emt 0:03:35][%mdl 128] White attacks with force.} Rc8 28. Qd6 Qf8 29. Nb5 Rb8 30. Ba4 Bc6 31. Nc3 Bxa4 32. Nxa4 Qe8 $2 {[%emt 0:01:10] [#] Loses the game.} (32... Qxd6 $16 33. Rxd6 Kf8) 33. Nb6 $1 $18 Nc6 (33... Qf8 34. Qxf8+ Rxf8) 34. Nd7 Rc8 35. b4 Ne7 36. Nb6 Rb8 (36... Rc6) 37. b5 {[%emt 0:01:48] White is clearly winning.} Nf5 38. Qc7 e5 39. Nd7 Rc8 40. Qxe5 Qxe5 41. Nxe5 f6 42. Nc6 {[%emt 0:00:25] Weighted Error Value: White=0.16 (very precise) /Black=0.46} 1-0

[Event "Saint Louis Norm Congress-IM 2022"]
[Site "Saint Louis"]
[Date "2022.05.20"]
[Round "3.5"]
[White "Proleiko, Julian"]
[Black "Rodriguez Rivera, Pedro"]
[Result "1-0"]
[ECO "B07"]
[WhiteElo "2204"]
[BlackElo "2197"]
[Annotator "TA"]
[PlyCount "63"]
[EventDate "2022.05.20"]
[EventType "tourn"]
[EventCountry "USA"]
[SourceTitle "playchess.com"]
[Source "ChessBase"]
[SourceQuality "1"]
[TimeControl "5400+30"]

1. e4 d6 2. d4 Nf6 3. Nc3 e6 4. Nf3 Be7 5. Bd3 Nbd7 6. Bf4 {[%emt 0:01:39] B07: Pirc Defence: Miscellaneous Systems.} a6 7. O-O {[%emt 0:02:07] [#]} c5 $146 ({Predecessor:} 7... b6 8. e5 dxe5 9. dxe5 Nd5 10. Nxd5 exd5 11. c4 Nf8 12. Nd4 Bc5 13. Nf5 Bxf5 14. Bxf5 {1-0 (68) Schwertel,G-Bandl,W GER email 2007}) 8. e5 {[%emt 0:01:07] White is slightly better.} dxe5 9. dxe5 Nd5 10. Nxd5 exd5 11. c4 $36 {[%emt 0:11:21][%mdl 2048] White fights for an advantage.} dxc4 (11... Nb6 $11 {keeps the balance.}) 12. Be4 $1 $16 {[%emt 0:04:05][%cal Oe5e6] White stays focused until the end.} Nb6 13. Qc2 {[%emt 0:00:05] And now Rad1 would win. White is more active.} Qc7 14. Rad1 Be6 (14... Bg4 $16 {might work better.}) 15. Ng5 $1 $18 (15. Bxh7 Nd5 16. Bg5 g6 17. Bxg6 Nb4 $11) 15... Bxg5 16. Bxg5 h6 17. Bh4 {[%emt 0:04:58] f4 is the strong threat.} g5 18. Bg3 {[%emt 0:00:04] Black must now prevent f4.} Rd8 {[%emt 0:03:36] [#]} 19. Rd6 (19. Rxd8+ Kxd8 20. f4 gxf4 21. Bxf4 Kc8 $11) 19... Nc8 20. Rxd8+ Kxd8 (20... Qxd8 $142 21. Bxb7 O-O) 21. f4 gxf4 {[%emt 0:05:29] [#]} 22. Rd1+ $1 ({Not} 22. Bxf4 Ne7 $14) ({Worse is} 22. Rxf4 Nb6 $11) 22... Ke8 23. Bh4 ({Much less strong is} 23. Bxf4 $6 Bg4 $18) 23... Ne7 24. Bf6 {[%emt 0:00:21] This bishop pair is nice.} Rg8 25. Qa4+ Bd7 26. Qxc4 b5 $2 (26... Bb5 27. Qc2 c4) 27. Qf1 c4 $2 (27... Nc6 28. Qxf4 Nd4 29. Qxh6 Bc8) 28. Qxf4 {[%emt 0:01:08] White is clearly winning.} c3 29. bxc3 Rg4 30. Qf3 Qc5+ 31. Kh1 Be6 {[%emt 0:01:31] [#] Prevents Bf5.} 32. Bc6+ $1 {[%emt 0:01:52][%mdl 512] Weighted Error Value: White=0.12 (very precise) /Black=0.24 (precise)} 1-0